 Dungeon Crawl Stone Soup version 0.19-a0-1704-gbd66c22 (webtiles) character file.

46 KristoblXynda the Sneak (level 3, 0/16 HPs)
             Began as a Spriggan Earth Elementalist on Sept 27, 2016.
             Slain by a hobgoblin (4 damage)
             ... on level 2 of the Dungeon.
             The game lasted 00:03:51 (2050 turns).

KristoblXynda the Sneak (SpEE)                      Turns: 2050, Time: 00:03:53

Health: 0/16       AC:  3    Str:  4    XL:     3   Next: 44%
Magic:  1/8        EV: 18    Int: 17    God:
Gold:   29         SH:  0    Dex: 16    Spells: 1 memorised, 7 levels left

rFire  . . .     SeeInvis +     a - +0 dagger
rCold  . . .     Gourm    .     c - +0 robe
rNeg   . . .     Faith    .     (shield restricted)
rPois  .         Spirit   .     (helmet restricted)
rElec  .         Dismiss  .     (no cloak)
rCorr  .         Reflect  .     (gloves unavailable)
MR     .....     Harm     .     (boots unavailable)
Stlth  +++.......               (no amulet)
                                (no ring)
                                (no ring)

@: very quick
A: unfitting armour, see invisible, herbivore 3, speed 3, slow metabolism 2
a: no special abilities


You were on level 2 of the Dungeon.
You were not hungry.

You visited 1 branch of the dungeon, and saw 2 of its levels.

You collected 29 gold pieces.

Inventory:

Hand Weapons
 a - a +0 dagger (weapon)
Missiles
 b - 42 stones (quivered)
Armour
 c - a +0 robe (worn)
Jewellery
 f - an uncursed ring of wizardry {unknown}
 h - an uncursed ring of poison resistance {unknown}
Scrolls
 i - 3 scrolls of identify {unknown}
 k - a scroll of remove curse {unknown}
Potions
 j - a potion of ambrosia {unknown}
Books
 e - a book of Geomancy

   Spells                             Type                      Level
   a - Sandblast                      Earth                        1
   b - Passwall                       Transmutation/Earth          2
   c - Stone Arrow                    Conjuration/Earth            3
   d - Petrify                        Transmutation/Earth          4
   e - Lee's Rapid Deconstruction     Earth                        5
Comestibles
 d - a bread ration
 g - a slice of pizza


   Skills:
 + Level 0.9 Short Blades
 - Level 3.0 Dodging
 + Level 4.2 Stealth
 + Level 3.4 Spellcasting
   Level 1.3 Transmutations
 + Level 3.1 Earth Magic


You had 7 spell levels left.
You knew the following spells:

 Your Spells              Type           Power        Failure   Level  Hunger
a - Sandblast             Erth           ##....       6%          1    None


Dungeon Overview and Level Annotations

Branches:
Dungeon (2/15)

Altars:


Innate Abilities, Weirdness & Mutations

You are very small and have problems with some larger weapons.
You are too small for most types of armour.
You have supernaturally acute eyesight. (SInv)
You are a herbivore.
You cover ground extremely quickly.
You need consume almost no food.


Message History

Confirm with . or Enter, or press ? or * to list all spells.
Aiming: Sandblast
Press: ? - help, Shift-Dir - straight line, f/p - hobgoblin
Aim: a hobgoblin, wearing a ring mail (moderately wounded)
The blast of sand hits the hobgoblin.
The hobgoblin is moderately wounded.
You hit the hobgoblin but do no damage.
The hobgoblin is moderately wounded.
The hobgoblin hits you.
* * * LOW HITPOINT WARNING * * *
You hit the hobgoblin but do no damage.
The hobgoblin is moderately wounded.
The hobgoblin completely misses you.
You completely miss the hobgoblin.
The hobgoblin is moderately wounded.
The hobgoblin misses you.
You hit the hobgoblin.
The hobgoblin is severely wounded.
The hobgoblin hits you.
You die...

.##...........
#.#...........
#.#...........
#$............
#.....).......
###'#.........
#>....######
.#############..g..#
............##..@..#
.#######...........#
#†..........#
#...........#
#...........#
#...........#
#...........#
#.......#####
#.......#


You could see a hobgoblin.

Vanquished Creatures
  2 dart slugs (D:1)
  A leopard gecko (D:1)
  3 bats (D:1)
  4 giant cockroaches (D:1)
  3 hobgoblins (D:1)
  6 jackals (D:1)
  2 ball pythons (D:1)
  7 frilled lizards (D:1)
  4 goblins (D:1)
  4 kobolds
  3 rats
39 creatures vanquished.

Notes
Turn   | Place    | Note
-------+----------+-------------------------------------------
     0 | D:1      | KristoblXynda the Spriggan Earth Elementalist began the quest for the Orb.
     0 | D:1      | Reached XP level 1. HP: 9/9 MP: 5/5
   513 | D:1      | Reached XP level 2. HP: 11/13 MP: 7/7
   799 | D:1      | Reached skill level 4 in Stealth
  1190 | D:1      | Reached XP level 3. HP: 14/16 MP: 8/8
  2050 | D:2      | Slain by a hobgoblin

Vault maps used:
D:1:      dpeg_arrival_prison
D:2:      first_bread, grunt_decor_clamped, uniq_natasha

Skill      XL: |  1  2 |
---------------+-------+-----
Spellcasting   | 3 |  3.4
Stealth        | 4 |  4.2
Earth Magic    | 3 |  3.1
Short Blades   | |  0.9
Dodging        | |  3.0
Transmutations | |  1.3

Action                   || total
-------------------------++-------
Melee: Dagger            ||   181
 Cast: Sandblast         ||    40
 Stab: Sleeping          ||     6
Armor: Robe              ||    19
Dodge: Dodged            ||   186
